 Dungeon Crawl Stone Soup version 0.20.1-1-g8b1a95d (webtiles) character file.

2155 KoningWillie the Protected (level 9, -2/82 HPs)
             Began as a Minotaur Fighter on Oct 21, 2017.
             Was a Priest of Trog.
             Slain by a two-headed ogre
             ... wielding a +0 giant club
              (21 damage)
             ... on level 8 of the Dungeon.
             The game lasted 00:12:32 (6674 turns).

KoningWillie the Protected (Minotaur Fighter)       Turns: 6674, Time: 00:12:33

Health: -2/82      AC:  8    Str: 25    XL:     9   Next: 10%
Magic:  8/8        EV: 13    Int:  5    God:    Trog [***...]
Gold:   238        SH:  0    Dex: 14    Spells: 8/8 levels left

rFire    . . .     SeeInvis .   a - +1 long sword
rCold    . . .     Gourm    .   (no shield)
rNeg     . . .     Faith    .   b - +0 scale mail
rPois    .         Spirit   .   (helmet restricted)
rElec    .         Reflect  .   (no cloak)
rCorr    .         Harm     .   (no gloves)
MR       .....                  (no boots)
Stlth    ..........             (no amulet)
Regen    0.3/turn               u - +5 ring of dexterity
MPRegen  0.2/turn               m - +4 ring of slaying

@: about to teleport
A: retaliatory headbutt, horns 2
a: Berserk, Trog's Hand, Burn Spellbooks, Renounce Religion


You were on level 8 of the Dungeon.
You worshipped Trog.
Trog was most pleased with you.
You were full.

You visited 1 branch of the dungeon, and saw 8 of its levels.

You collected 238 gold pieces.

Inventory:

Hand Weapons
 a - a +1 long sword (weapon)
Armour
 b - a +0 scale mail (worn)
 h - the +6 leather armour of Egalitarianism {Int-3 Dex+5 Stlth+, unknown}
   (You found it on level 4 of the Dungeon)

   It affects your intelligence (-3).
   It affects your dexterity (+5).
   It makes you more stealthy.
Jewellery
 f - a +3 ring of intelligence
 m - a +4 ring of slaying (right hand)
 u - a +5 ring of dexterity (left hand)
 y - an uncursed ring of protection from fire {unknown}
Wands
 n - a wand of digging (14/24)
 o - a wand of clouds (3/9)
 q - a wand of acid (8/15)
 v - a wand of confusion (28/48)
Scrolls
 c - a scroll of teleportation
 j - 4 scrolls of remove curse
 w - a scroll of blinking
 x - a scroll of enchant armour {unknown}
 A - a scroll of magic mapping
Potions
 d - 5 potions of might
 e - a potion of haste
 g - 2 potions of flight {unknown}
 i - a potion of degeneration {unknown}
 k - a potion of curing
 l - a potion of brilliance {unknown}
 p - a potion of heal wounds {unknown}
 r - a potion of berserk rage
Comestibles
 s - 2 fruits
 t - 2 royal jellies
 z - 3 meat rations
 B - 2 bread rations


   Skills:
 * Level 8.3 Fighting
 + Level 8.3 Long Blades
 * Level 8.4 Armour
 * Level 4.5 Dodging
 + Level 0.8 Stealth
   Level 3.7 Shields
 + Level 0.3 Evocations


You had 8 spell levels left.
You didn't know any spells.

Dungeon Overview and Level Annotations

Branches:
Dungeon (8/15)
 Temple: D:4-7         Lair: D:8-11

Altars:
Trog
Uskayaw
The Shining One

Annotations:
D:4 Duvessa
D:7 Crag's ghost, novice TrFi


Innate Abilities, Weirdness & Mutations

You reflexively headbutt those who attack you in melee.
You have a pair of horns on your head.


Message History

You headbutt the hornet, but do no damage.
The hornet is moderately wounded.
The orc hits you but does no damage.
You feel yourself speed up.
Your surroundings suddenly seem different.
A two-headed ogre comes into view. It is wielding two giant clubs.
The two-headed ogre shouts in stereo!
Found 21 gold pieces and a robe.
Found a scroll of immolation.
As you read the scroll of teleportation, it crumbles to dust.
You feel strangely unstable.
The two-headed ogre hits you with a giant club!
The two-headed ogre hits you with a giant club.
Your surroundings suddenly seem different.
As you read the scroll of teleportation, it crumbles to dust.
You feel strangely unstable.
The two-headed ogre hits you with a giant club!!
* * * LOW HITPOINT WARNING * * *
The two-headed ogre hits you with a giant club!!
You die...

#.........### #.#.....
#........... #.#.####
#.........#######.......
#......[................
#.........########......
#..$......# #.......
#.........# #.......
#.......O.# #.#.....
#......@..# #.#.....
########### #.#.....
#.#..... #.#.....
#....... ###..... #.....
#..... ###.o...


You could see a two-headed ogre.

Vanquished Creatures
  A hippogriff (D:6)
  An orc warrior (D:8)
  A water moccasin (D:6)
  An ice beast (D:6)
  2 ogres
  2 centaurs
  2 bullfrogs
  3 scorpions
  Dowan (D:4)
  4 crimson imps
  A quasit (D:8)
  3 hounds
  A jelly (D:5)
  6 orc priests
  A bullfrog zombie (D:8)
  2 orc wizards (D:5)
  Jessica (D:3)
  Terence (D:3)
  2 iguanas
  Ijyb (D:5)
  A worker ant (D:8)
  2 hound zombies
  Robin (D:3)
  8 gnolls
  5 adders
  2 oozes (D:2)
  An adder skeleton (D:4)
  A worm (D:3)
  A dart slug (D:2)
  7 leopard geckos
  24 orcs
  4 giant cockroaches
  14 goblins
  3 hobgoblins
  4 jackals
  8 kobolds
  4 quokkas
  3 bats (D:2)
  4 frilled lizards
  2 leopard gecko skeletons
  A quokka skeleton (D:6)
  3 rats
140 creatures vanquished.

Vanquished Creatures (others)
  A goblin (D:3)
1 creature vanquished.

Grand Total: 141 creatures vanquished

Notes
Turn   | Place    | Note
-------+----------+-------------------------------------------
     0 | D:1      | KoningWillie the Minotaur Fighter began the quest for the Orb.
     0 | D:1      | Reached XP level 1. HP: 19/19 MP: 0/0
   136 | D:1      | Reached XP level 2. HP: 27/27 MP: 1/1
   895 | D:2      | Reached XP level 3. HP: 28/33 MP: 2/2
  1549 | D:3      | Found a bloodstained altar of Trog.
  1549 | D:3      | Found a glowing golden altar of the Shining One.
  1556 | D:3      | Became a worshipper of Trog the Wrathful
  1604 | D:3      | Noticed Terence
  1613 | D:3      | Killed Terence
  1613 | D:3      | Reached XP level 4. HP: 32/41 MP: 3/3
  1751 | D:3      | Noticed Jessica
  1760 | D:3      | Killed Jessica
  1760 | D:3      | Reached skill level 1 in Dodging
  1991 | D:3      | Noticed Robin
  2198 | D:3      | Reached XP level 5. HP: 41/47 MP: 4/4
  2304 | D:3      | Reached * piety under Trog
  2312 | D:3      | Reached skill level 5 in Armour
  2315 | D:3      | Killed Robin
  3073 | D:4      | Reached skill level 5 in Fighting
  3133 | D:4      | Noticed Dowan
  3139 | D:4      | Got a crude leather armour
  3141 | D:4      | Noticed Duvessa
  3146 | D:4      | Killed Dowan
  3146 | D:4      | Reached XP level 6. HP: 54/56 MP: 5/5
  3312 | D:5      | Entered Level 5 of the Dungeon
  3581 | D:5      | Reached XP level 7. HP: 58/61 MP: 6/6
  3602 | D:5      | Reached ** piety under Trog
  4002 | D:5      | Noticed Ijyb
  4008 | D:5      | Killed Ijyb
  4037 | D:5      | Reached skill level 5 in Long Blades
  4329 | D:5      | Found a hide-covered altar of Uskayaw.
  5179 | D:5      | Reached XP level 8. HP: 71/71 MP: 7/7
  5684 | D:6      | Noticed a hippogriff
  5693 | D:6      | Killed a hippogriff
  6066 | D:7      | Noticed Crag's ghost (novice TrFi)
  6067 | D:7      | Reached *** piety under Trog
  6291 | D:8      | Reached XP level 9. HP: 81/81 MP: 8/8
  6639 | D:8      | Noticed a two-headed ogre
  6664 | D:8      | Noticed a two-headed ogre
  6674 | D:8      | Slain by a two-headed ogre

Skill      XL: |  1  2  3  4  5  6  7  8 |
---------------+-------------------------+-----
Fighting       | 4 5 6 8 |  8.3
Armour         | 4 5 6 7 8 |  8.4
Long Blades    | 3 4 5 8 |  8.3
Dodging        | 1 2 3 4 |  4.5
Stealth        | |  0.8
Shields        | |  3.7
Evocations     | |  0.3

Action                   |  1- 3 |  4- 6 |  7- 9 || total
-------------------------+-------+-------+-------++-------
Melee: Long sword        |    63 |    98 |   134 ||   295
       Headbutt          |     9 |    19 |    28 ||    56
Invok: Burn Spellbooks   |     1 |     1 |       ||     2
Evoke: Wand              |       |     2 |       ||     2
  Use: Scroll            |     7 |     4 |     5 ||    16
       Potion            |       |       |     3 ||     3
  Eat: Bread ration      |     1 |     1 |     2 ||     4
       Fruit             |       |     3 |       ||     3
       Chunk             |       |       |     3 ||     3
Armor: Scale mail        |    41 |    47 |    54 ||   142
Dodge: Dodged            |    33 |    62 |    77 ||   172
Block: Shield            |     1 |       |       ||     1
       Rpst.: Long sword |     9 |    22 |    21 ||    52
